 Dungeon Crawl Stone Soup version 0.31-a0-1206-g41278d8d1d (webtiles) character file.

Game seed: 15664547673472190589

95 zxpr0jk the Trooper (level 4, 0/36 HPs)
             Began as a Demonspawn Chaos Knight on Dec 14, 2023.
             Was a Plaything of Xom.
             Slain by Crazy Yiuf
             ... wielding a +3 quarterstaff of chaos
              (8 damage)
             ... on level 2 of the Dungeon.
             The game lasted 00:02:27 (1524 turns).

zxpr0jk the Trooper (Demonspawn Chaos Knight)       Turns: 1524, Time: 00:02:27

Health: 0/36       AC:  5    Str: 12    XL:     4   Next: 39%
Magic:  0/4        EV: 12    Int: 13    God:    Xom [..*...]
Gold:   125        SH:  0    Dex: 14    Spells: 3/3 levels left

rFire   . . .        a - +0 hand axe (chaos)
rCold   . . .        (no shield)
rNeg    . . .        b - +2 leather armour
rPois   .            (no helmet)
rElec   .            (no cloak)
rCorr   .            (no gloves)
SInv    .            (no boots)
Will    .....        k - amulet of guardian spirit
Stlth   +            (no ring)
HPRegen 0.26/turn    (no ring)
MPRegen 0.09/turn

%: guardian spirit
@: brilliant
A: hooves 1, ignite blood 1
a: Renounce Religion


You were on level 2 of the Dungeon.
You worshipped Xom.
You were a toy of Xom.
You visited 1 branch of the dungeon, and saw 2 of its levels.

You collected 125 gold pieces.

Inventory:

Hand Weapons
 a - a +0 hand axe of chaos (weapon)
Missiles
 h - 20 stones
Armour
 b - a +2 leather armour (worn)
Jewellery
 k - an amulet of guardian spirit (around neck)
Scrolls
 c - a scroll of butterflies
 g - 2 scrolls of identify {unknown}
 i - a scroll of revelation {unknown}
 j - a scroll of enchant armour {unknown}
 l - a scroll of amnesia {unknown}
 m - a scroll of silence {unknown}
Potions
 d - 2 potions of brilliance
 e - a potion of heal wounds {unknown}
 f - a potion of degeneration {unknown}


   Skills:
 + Level 3.6 Fighting
 + Level 3.3 Axes
 + Level 2.6 Armour
 + Level 2.0 Dodging


You had 3 spell levels left.
You didn't know any spells.
Your spell library was empty.

Dungeon Overview and Level Annotations

Branches:
Dungeon (2/15)

Altars:

Annotations:
D:2 Crazy Yiuf


Innate Abilities, Weirdness & Mutations

You have large cloven feet.
Your demonic aura sometimes causes spilled blood to erupt in flames.


Message History

Found a stone staircase leading down.
You swap places.
There is a stone staircase leading down here.
You now have 125 gold pieces (gained 14).
You swap places.
Items here: )) [[ ††.
Things that are here:
a +0 club; a +0 club; a goblin corpse
There is an open door here.
There is an open door here.
Found a hammer.
You see here a +0 hammer.
Found six hammers.
Found a runed translucent door.
You see here a +0 hammer.
Found a hammer.
You see here a +0 hammer.
Crazy Yiuf shouts!
You see here a +0 heavy hammer.
Found a glowing hammer and two hammers.
You see here a +0 hammer.
Okay, then.
You open the door. You closely miss Crazy Yiuf.
You kick Crazy Yiuf, but do no damage.
Crazy Yiuf hits you with a +3 quarterstaff of chaos!
You convulse.
You barely miss Crazy Yiuf. Your kick misses Crazy Yiuf.
Crazy Yiuf closely misses you.
You hit Crazy Yiuf but do no damage. You kick Crazy Yiuf, but do no damage.
Crazy Yiuf hits you with a +3 quarterstaff of chaos!
* * * LOW HITPOINT WARNING * * *
Crazy Yiuf burns you.
* * * LOW HITPOINT WARNING * * *
It was a potion of brilliance.
You feel clever all of a sudden.
Xom roars with laughter!
Crazy Yiuf closely misses you.
You hit Crazy Yiuf but do no damage.
Crazy Yiuf is poisoned.
Crazy Yiuf hits you with a +3 quarterstaff of chaos!
You die...
Xom snickers!

~~~~..# #.#
≈≈≈~..# ###
≈≈≈~.>######
~~~~..#....#
#####
........####
#).)# ###
~~~~......##
#)))# #.#
~≈≈~.##....# )))
#.# ~≈≈~.##.##.#
#g# #.#
~≈≈≈.##.##.# ♣♣@♣
#.# ~~≈~.##.####
♣)♣♣ #.#
.....##.# ♣♣)♣
#.##########
#######.# ♣)♣♣
#...........
........# ♣♣)♣♣
#.##########
######### ♣)..♣♣
#.# ..# ♣....♣
#.# . ..# #....#
#'####... ..#
##..#####........


You could see Crazy Yiuf (very poisoned).

Vanquished Creatures
  Robin (D:2)
  4 adders (D:2)
  2 dart slugs
  4 ball pythons
  2 endoplasms
  10 goblins
  8 hobgoblins
  4 quokkas (D:2)
  A bat (D:2)
  3 frilled lizards
  3 kobolds
  2 rats (D:2)
44 creatures vanquished.

Notes
Turn   | Place    | Note
-------+----------+-------------------------------------------
     0 | D:1      | zxpr0jk the Demonspawn Chaos Knight began the quest for the
                  | Orb.
     0 | D:1      | Reached XP level 1. HP: 18/18 MP: 1/1
   186 | D:1      | Reached skill level 1 in Dodging
   324 | D:1      | Gained mutation: Your demonic aura sometimes causes spilled
                  | blood to erupt in flames. [demonic ancestry]
   324 | D:1      | Reached XP level 2. HP: 24/24 MP: 2/2
   682 | D:2      | Gained mutation: You have large cloven feet. [demonic
                  | ancestry]
   682 | D:2      | Reached XP level 3. HP: 14/29 MP: 3/3
   829 | D:2      | XOM: silly message
  1294 | D:2      | Reached XP level 4. HP: 35/35 MP: 4/4
  1299 | D:2      | Noticed Robin
  1314 | D:2      | Killed Robin
  1515 | D:2      | Found a runed translucent door.
  1516 | D:2      | Noticed Crazy Yiuf
  1524 | D:2      | Slain by Crazy Yiuf

Illustrated notes

Levels and vault maps discovered:
D:1:      giann_wishing_wells, layout_basic
D:2:      layout_basic, minivault_14, hangedman_decor_push, grunt_ministairs_12,
          minmay_surrounded, uniq_crazy_yiuf_cottage, uniq_robin

Skill      XL: |  1  2  3  4 |
---------------+-------------+-----
Dodging        | 1 2 |  2.0
Armour         | 2 |  2.6
Axes           | 3 |  3.3
Fighting       | |  3.6

Action                     |  1- 3 |  4- 6 || total
---------------------------+-------+-------++-------
  Melee: Hand axe          |    77 |    19 ||    96
         Punch             |     1 |       ||     1
         Kick              |    12 |     6 ||    18
    Use: Potion            |       |     1 ||     1
   Stab: Sleeping          |     2 |       ||     2
 Armour: Leather armour    |    43 |    22 ||    65
  Dodge: Dodged            |    45 |    14 ||    59

Table legend: (Time is in decaauts)
 A = Elapsed time spent in this place.
 B = Non-inter-level travel time spent in this place.
 C = Inter-level travel time spent in this place.
 D = Time resting spent in this place.
 E = Time spent auto-exploring this place.
 F = Levels seen in this place.
 G = Mean time per level.
                   A        B        C        D        E       F      G
               +--------+--------+--------+--------+--------+-----+--------+
         Total |   1538 |   1508 |     30 |     62 |   1212 |   2 |  769.0 |
       Dungeon |   1538 |   1508 |     30 |     62 |   1212 |   2 |  769.0 |
               +--------+--------+--------+--------+--------+-----+--------+

Top non-repeatable levels by time:
     D:2: 867 daAuts
     D:1: 671 daAuts
